 Dungeon Crawl Stone Soup version 0.21-a0-265-gb353147 (webtiles) character file.

430 zxpr0jk the Chiller (level 6, 0/45 HPs)
             Began as a Draconian Ice Elementalist on Sept 10, 2017.
             Killed by divine providence
             ... invoked by an orc priest
              (7 damage)
             ... on level 4 of the Dungeon.
             The game lasted 00:06:37 (3048 turns).

zxpr0jk the Chiller (Draconian Ice Elementalist)    Turns: 3048, Time: 00:06:39

Health: 0/45       AC: 13    Str: 10    XL:     6   Next: 66%
Magic:  9/11       EV: 13    Int: 15    God:
Gold:   249        SH:  0    Dex: 14    Spells: 7/12 levels left

rFire    . . .     SeeInvis .   p - +0 glaive
rCold    . . .     Gourm    .   (shield currently unavailable)
rNeg     . . .     Faith    .   (armour unavailable)
rPois    .         Spirit   .   (helmet restricted)
rElec    .         Reflect  .   (no cloak)
rCorr    .         Harm     .   k - +0 pair of gloves
MR       .....                  h - +0 pair of boots
Stlth    +.........             (no amulet)
HPRegen  0.15/turn              (no ring)
MPRegen  0.12/turn              (no ring)

@: confused, icy armour, appendage, slow
A: unfitting armour, horns 2, cold-blooded, AC +6
a: End Transformation


You were on level 4 of the Dungeon.
You were not hungry.
You had grown temporary horns.
You visited 1 branch of the dungeon, and saw 4 of its levels.

You collected 249 gold pieces.

Inventory:

Hand Weapons
 p - a +0 glaive (weapon)
 x - a +1 mace of holy wrath
Armour
 h - a +0 pair of boots (worn)
 k - a +0 pair of gloves (worn)
Wands
 c - a wand of paralysis (9/24)
Scrolls
 d - a scroll of fog {unknown}
 e - 2 scrolls of magic mapping {unknown}
 f - 2 scrolls of identify {unknown}
 o - 2 scrolls of recharging {unknown}
 r - 2 scrolls of fear {unknown}
 u - a scroll of enchant weapon {unknown}
 w - 2 scrolls of immolation {unknown}
Potions
 g - a potion of might {unknown}
 i - a potion of lignification {unknown}
 j - a potion of haste {unknown}
 l - 3 potions of heal wounds {unknown}
 n - a potion of mutation {unknown}
 s - 2 potions of ambrosia
 t - a potion of flight {unknown}
 B - a potion of curing {unknown}
Books
 a - a book of Frost

   Spells                             Type                      Level
   a - Freeze                         Ice                          1
   b - Throw Frost                    Conjuration/Ice              2
   c - Ozocubu's Armour               Charms/Ice                   3
   d - Throw Icicle                   Conjuration/Ice              4
   e - Summon Ice Beast               Ice/Summoning                4
 q - a book of Changes

   Spells                             Type                      Level
   a - Beastly Appendage              Transmutation                1
   b - Sticks to Snakes               Transmutation                2
   c - Spider Form                    Transmutation/Poison         3
   d - Ice Form                       Ice/Transmutation            4
   e - Blade Hands                    Transmutation                5
 v - a book of Maledictions

   Spells                             Type                      Level
   a - Corona                         Hexes                        1
   b - Ensorcelled Hibernation        Hexes/Ice                    2
   c - Confuse                        Hexes                        3
   d - Tukima's Dance                 Hexes                        3
   e - Dazzling Spray                 Conjuration/Hexes            3
Comestibles
 b - 5 bread rations
 m - 3 royal jellies
 A - 3 fruits


   Skills:
 - Level 2.4 Dodging
 - Level 2.3 Stealth
 + Level 3.6 Spellcasting
   Level 1.0 Conjurations
 * Level 2.8 Transmutations
 * Level 5.4 Ice Magic


You had 7 spell levels left.
You knew the following spells:

 Your Spells              Type           Power        Failure   Level  Hunger
a - Freeze                Ice            ###.         1%          1    None
b - Ozocubu's Armour      Chrm/Ice       ##......     19%         3    ###....
c - Beastly Appendage     Tmut           ##....       6%          1    None


Dungeon Overview and Level Annotations

Branches:
Dungeon (4/15)
 Temple: D:4-7

Altars:
Kikubaaqudgha
Ru
Uskayaw
Wu Jian


Innate Abilities, Weirdness & Mutations

Your plain brown scales are hard. (AC +6)
You cannot fit into any form of body armour.
You are cold-blooded and may be slowed by cold attacks.
You have a pair of horns on your head.


Message History

Aim: an orc priest, wielding a hand axe and wearing a leather armour (severely wounded)
Okay, then.
Attack whom?
Press: ? - help, Dir - move target cursor, f/p - orc priest
Aim: an orc priest, wielding a hand axe and wearing a leather armour (severely wounded)
You closely miss the orc priest.
The orc priest is severely wounded.
The orc hits you but does no damage. x2; The orc misses you.
The orc priest closely misses you. The orc misses you.
The orc completely misses you. The orc closely misses you. The orc misses you.
The orc priest completely misses you.
Unknown command.
You are confused.
You feel invigorated. The orc hits you with a flail.
* * * LOW HITPOINT WARNING * * *
The orc misses you. The orc hits you but does no damage.
The orc closely misses you.
The orc priest calls down the wrath of Beogh upon you.
Beogh smites you!
You die...

.####.#.#.# #.# #..#
#.. ......#.#.# #.# ..#
#########
####......######.###.$#
.........
..............(.......#
######.#
####......###........#
#.# #......# #........#
###.# #......#
#........# #..<#
#......# #........#
#.#.# ........#
#....@o..# #.#.#
......### #...ooo..#
#.#.# ......#
#......o.# #.#.#
......# ####.###.#
..#.# .......# #.# .#
###.# #.# # #.. #.# ###
#.


You could see an orc priest and 4 orcs.

Vanquished Creatures
  A phantom (D:4)
  Blork the orc (D:4)
  A scorpion (D:4)
  An iguana (D:4)
  3 worker ants (D:4)
  3 adders (D:4)
  2 oozes (D:3)
  2 worms
  5 dart slugs
  7 giant cockroaches
  12 goblins
  7 hobgoblins
  10 jackals
  3 quokkas
  A ball python (D:1)
  7 bats
  4 frilled lizards
  6 kobolds
  A quokka skeleton (D:4)
  13 rats
90 creatures vanquished.

Notes
Turn   | Place    | Note
-------+----------+-------------------------------------------
     0 | D:1      | zxpr0jk the Draconian Ice Elementalist began the quest for the Orb.
     0 | D:1      | Reached XP level 1. HP: 14/14 MP: 3/3
   126 | D:1      | Reached XP level 2. HP: 15/20 MP: 5/5
   697 | D:2      | Reached XP level 3. HP: 23/26 MP: 6/6
  1019 | D:2      | Found a hide-covered altar of Uskayaw.
  1026 | D:2      | Found an ornate altar of the Wu Jian Council.
  1595 | D:3      | Learned a level 3 spell: Ozocubu's Armour
  1597 | D:3      | Learned a level 1 spell: Beastly Appendage
  1753 | D:3      | Reached XP level 4. HP: 33/33 MP: 7/7
  1762 | D:3      | Found a sacrificial altar of Ru.
  2027 | D:3      | Reached skill level 4 in Ice Magic
  2406 | D:4      | Noticed a phantom
  2409 | D:4      | Noticed Blork the orc
  2429 | D:4      | Killed Blork the orc
  2429 | D:4      | Reached skill level 1 in Transmutations
  2429 | D:4      | Reached XP level 5. HP: 21/38 MP: 2/9
  2479 | D:4      | Killed a phantom
  2710 | D:4      | Reached skill level 5 in Ice Magic
  2710 | D:4      | Reached XP level 6. HP: 35/45 MP: 5/10
  2807 | D:4      | Found an ancient bone altar of Kikubaaqudgha.
  3048 | D:4      | Killed from afar by an orc priest

Vault maps used:
D:1:      minmay_arrival_hallway
D:2:      amethyst_overflow_temple_binary, minmay_crystal_room,
          hangedman_decor_push, minmay_misc_feat_tiny, kennysheep_generic_room_6
D:3:      nicolae_overflow_crystal_walls
D:4:      kiku_gazebo_pond_becter, first_bread, bh_walls_and_bars,
          uniq_blork_the_orc

Skill      XL: |  1  2  3  4  5 |
---------------+----------------+-----
Dodging        | 2 |  2.4
Stealth        | 2 |  2.3
Ice Magic      | 4 5 |  5.4
Spellcasting   | 3 |  3.6
Transmutations | 1 2 |  2.8
Conjurations   | |  1.0

Action                   |  1- 3 |  4- 6 || total
-------------------------+-------+-------++-------
Melee: Short sword       |   124 |       ||   124
       Tailslap          |    15 |    11 ||    26
       Glaive            |    44 |   110 ||   154
       Headbutt          |       |     1 ||     1
 Cast: Freeze            |     4 |    15 ||    19
       Ozocubu's Armour  |       |     6 ||     6
       Beastly Appendage |       |     5 ||     5
  Use: Potion            |       |     2 ||     2
 Stab: Sleeping          |     8 |     5 ||    13
       Distracted        |       |     1 ||     1
  Eat: Chunk             |     3 |     5 ||     8
Armor: Skin              |    70 |    54 ||   124
Dodge: Dodged            |   124 |   125 ||   249

Table legend:
 A = Spawn XP
 B = Non-spawn XP
 C = Spawn XP percentage of total XP
 D = Spawn monster count
 E = Non-spawn monster count
 F = Spawn count percentage of total count
 G = Total turns spent on level
                    A         B        C        D         E        F      G
               +---------+---------+-------+---------+---------+-------+---------
         Total |       0 |     615 |   0.0 |       0 |      90 |   0.0 |  3048
               +---------+---------+-------+---------+---------+-------+---------
           D:1 |       0 |      37 |   0.0 |       0 |      22 |   0.0 |   687
           D:2 |       0 |      36 |   0.0 |       0 |      20 |   0.0 |   724
           D:3 |       0 |      65 |   0.0 |       0 |      29 |   0.0 |   845
           D:4 |       0 |     477 |   0.0 |       0 |      19 |   0.0 |   792
               +---------+---------+-------+---------+---------+-------+---------
